 Dungeon Crawl Stone Soup version 0.26-a0-818-g75db068ed4 (webtiles) character file.

Game seed: 6737733092682108164

613267 mhtbhm the Conqueror (level 27, -6/298 HPs)
             Began as a Gargoyle Berserker on Nov 13, 2020.
             Was the Champion of Trog.
             Killed from afar by a hellion (24 damage)
             ... with damnation
             ... on level 8 of a ziggurat on Nov 14, 2020.
             The game lasted 02:28:32 (66640 turns).

mhtbhm the Conqueror (Gargoyle Berserker)          Turns: 66640, Time: 02:28:33

Health: -6/298     AC: 79    Str: 49    XL:     27
Magic:  23/23      EV: 13    Int: 10    God:    Trog [******]
Gold:   7819       SH: 19    Dex: 11    Spells: 26/26 levels left

rFire    + + +     SeeInvis +   t - +9 morningstar (holy)
rCold    + + .     Faith    .   W - +2 shield of Resistance {rF++ rC++ MR++}
rNeg     + + +     Spirit   .   b - +12 crystal plate armour of the Game Afoot {rPois Str+4}
rPois    ∞         Reflect  .   P - +2 hat {MR+}
rElec    +         Harm     +   w - +1 cloak "Xisuadgh" {*Contam Harm Str+4 Dex+2}
rCorr    .         Rampage  .   h - +1 pair of gloves {Str+3}
MR       +++++     Rnd*Rage +   Z - +1 pair of boots of the Monk {rN+}
Stlth    ..........             B - amulet of Eblul {Acrobat rN++ Int+2 Slay+3}
HPRegen  0.59/turn              Q - ring "Leses" {AC+4 Str+4}
MPRegen  0.18/turn              H - ring "Abub Xauji" {rElec rF+ AC+4 SInv Stlth-}

@: berserking, flying, studying Bows, very quick
A: big wings, fangs 1, hooves 1, berserk 1, negative energy resistance 1,
electricity resistance, unbreathing, petrification resistance, rot immunity, AC
+20
}: 3/15 runes: decaying, barnacled, silver
a: Stop Flying, Berserk, Trog's Hand, Brothers in Arms, Renounce Religion


You were on level 8 of a ziggurat.
You worshipped Trog.
Trog was exalted by your worship.
You visited 10 branches of the dungeon, and saw 49 of its levels.
You visited the Abyss 2 times.
You visited 1 bazaar.
You visited 1 ziggurat, and saw 8 of its levels.
You also visited: Gauntlet and Volcano.

You collected 10814 gold pieces.
You spent 2995 gold pieces at shops.

Inventory:

Hand Weapons
 a - the +4 morningstar "Qeeschio" {holy, Str+5 Dex+4}
   (You took it off a frost giant on level 3 of the Depths)

   It has been blessed by the Shining One to cause great damage to the undead
   and demons.
   It affects your strength (+5).
   It affects your dexterity (+4).
 c - the +11 broad axe of Modesty {vorpal, *Slow Str+5}
   (Trog gifted it to you on level 3 of the Elven Halls)

   It inflicts extra damage upon your enemies.
   It affects your strength (+5).
   It may slow you when you take damage.
 n - a +9 vampiric eveningstar
 t - a +9 morningstar of holy wrath (weapon)
 T - a +9 morningstar of flaming
Missiles
 f - 10 curare-tipped darts (quivered)
Armour
 b - the +12 crystal plate armour of the Game Afoot (worn) {rPois Str+4}
   (You found it on level 5 of the Vaults)

   It affects your strength (+4).
   It protects you from poison.
 g - the +2 cloak of Anarchy {rN+}
   (You found it on level 8 of the Dungeon)

   It protects you from negative energy.
 h - a +1 pair of gloves of strength (worn)
 m - a +1 cloak of preservation
 w - the +1 cloak "Xisuadgh" (worn) {*Contam Harm Str+4 Dex+2}
   (You bought it in a shop on level 2 of the Orcish Mines)

   It affects your strength (+4).
   It affects your dexterity (+2).
   It causes magical contamination when unequipped.
   It increases damage dealt and taken.
 N - the +8 orange crystal plate armour {Archmagi, Int+3 Clar}
   (You found it on level 6 of the Lair of Beasts)

   It affects your intelligence (+3).
   It protects you against confusion.
 P - a +2 hat of magic resistance (worn)
 W - the +2 shield of Resistance (worn) {rF++ rC++ MR++}
   (You found it on level 3 of the Elven Halls)

   It greatly protects you from fire.
   It greatly protects you from cold.
   It affects your resistance to hostile enchantments.
 Z - the +1 pair of boots of the Monk (worn) {rN+}
   (You found it on level 1 of the Tomb of the Ancients)

   It protects you from negative energy.
Jewellery
 B - the amulet of Eblul (around neck) {Acrobat rN++ Int+2 Slay+3}
   (You found it on level 5 of the Vaults)

   [amulet of the acrobat]

   It helps you evade while moving and waiting.
   It affects your intelligence (+2).
   It affects your accuracy and damage with ranged weapons and melee attacks
   (+3).
   It greatly protects you from negative energy.
 H - the ring "Abub Xauji" (right hand) {rElec rF+ AC+4 SInv Stlth-}
   (You acquired it on level 3 of the Depths)

   [ring of protection]

   It affects your AC (+4).
   It protects you from fire.
   It insulates you from electricity.
   It lets you see invisible.
   It makes you less stealthy.
 L - an uncursed amulet of reflection
 Q - the ring "Leses" (left hand) {AC+4 Str+4}
   (You acquired it on level 3 of the Vaults)

   [ring of protection]

   It affects your AC (+4).
   It affects your strength (+4).
 X - an uncursed ring of protection from cold
Wands
 I - a wand of acid (33)
 J - a wand of disintegration (81)
 V - a wand of digging (10)
Scrolls
 d - 3 scrolls of blinking
 e - 6 scrolls of identify
 i - 33 scrolls of remove curse
 k - 4 scrolls of enchant weapon
 p - 2 scrolls of holy word
 q - 19 scrolls of teleportation
 u - 2 scrolls of magic mapping
 z - 3 scrolls of silence
 C - 3 scrolls of summoning
 D - 8 scrolls of enchant armour
 E - 6 scrolls of brand weapon
 F - 11 scrolls of fog
 K - 7 scrolls of immolation
Potions
 l - 6 potions of berserk rage
 o - 30 potions of curing
 r - 5 potions of invisibility
 v - 3 potions of mutation
 x - 4 potions of cancellation
 G - 9 potions of might
 O - 8 potions of resistance
 S - 5 potions of heal wounds
 Y - 2 potions of haste
Books
 U - a manual of Bows
Miscellaneous
 j - a phantom mirror
 M - a tin of tremorstones (2/2)
 R - a condenser vane (inert)


   Skills:
 O Level 27 Fighting
 + Level 12.2(19.8) Axes
 + Level 26.1(26.9) Maces & Flails
 + Level 21.3 Armour
 + Level 10.0 Dodging
 - Level 15.0 Shields
 + Level 3.5 Evocations


You had 26 spell levels left.
You didn't know any spells.
Your spell library was empty.

Dungeon Overview and Level Annotations

Branches:
Dungeon (15/15)            Temple (0/1) D:4            Lair (6/6) D:9
  Swamp (4/4) Lair:4       Shoals (4/4) Lair:3        Slime (0/5) Lair:5
    Orc (2/2) D:10            Elf (3/3) Orc:2        Vaults (5/5) D:14
  Crypt (3/3) Vaults:2       Tomb (2/3) Crypt:3      Depths (5/5) D:15
    Zot (0/5) Depths:5    Volcano (visited)         Gauntlet (visited)
  Snake: Lair:2-4    Spider: Lair:2-4

Altars:
Dithmenos
Fedhas
Gozag
Hepliaklqana
Kikubaaqudgha
Ru
Trog
Uskayaw
Vehumet
Xom
Yredelemnul
The Shining One
Beogh

Shops:
D:11 }   D:13 *   Orc:2 *[(=   Elf:1 :   Elf:2 [   Elf:3 (   Shoals:2 !
Vaults:1 ?   Vaults:3 }   Depths:2 [

Portals:
Hell: Depths:1 Depths:2 Depths:3 Depths:5
Abyss: Depths:1 Depths:5
Pandemonium: Depths:2 Depths:3
Trove: Vaults:4 (show slimy rune of Zot)


Innate Abilities, Weirdness & Mutations

You are resistant to torment.
Your stone body is resilient. (AC +20)
You are immune to poison.
Your large and strong wings let you fly indefinitely.
You resist negative energy. (rN+)
You are resistant to electric shocks. (rElec)
You can survive without breathing.
You are immune to petrification.
You are immune to rotting.
You have very sharp teeth.
You have large cloven feet.
You tend to lose your temper in combat.


Message History

The sphere of damnation explodes!
The damnation engulfs you!!!
* * * LOW HITPOINT WARNING * * *
The damnation engulfs the hellion.
The hellion completely resists.
The damnation engulfs the balrug!!
The damnation engulfs the hellion.
The hellion completely resists.
The damnation engulfs the Ice Fiend!
The tormentor says, "I am all your nightmares come true."
The Tzitzimitl gestures at you.
The bolt of negative energy hits the hellion.
The hellion completely resists.
The bolt of negative energy misses you.
The infernal warmonger is engulfed in noxious fumes.
The Ice Fiend gestures at you. The bolt of cold hits you! You resist.
* * * LOW HITPOINT WARNING * * *
Found four items.
Unknown command.
You sock the balrug!
The balrug convulses!
The balrug is almost dead.
The hellion gestures at you.
The sphere of damnation explodes!
The damnation engulfs you!!
You die...

▓▓▓▓▓▓.▓▓▓▓▓▓
▓▓...........▓▓
▓.###.....###.▓▓▓
..#P#.....#P#...▓▓
..###§§...###....▓
:.§☼§36..........▓
[[§☼§§21.........▓▓
:)§2§12@.......∩..▓
:.§§§22...2......▓▓
..§§§☼...........▓
..###.....###....▓
..#P#.....#P#...▓▓
▓.###.....###.▓▓▓
▓▓...........▓▓
▓▓▓▓▓▓.▓▓▓▓▓▓


You could see a Tzitzimitl, an Ice Fiend, an infernal warmonger, a hell beast
(confused), a balrug, a smoke demon, 3 hellions and a tormentor.

Vanquished Creatures
  Mennas (Vaults:4)
  2 ancient liches
  Sojobo (Crypt:1)
  16 greater mummies (Tomb:1)
  Boris (twice) (Crypt:1 Depths:1)
  3 caustic shrikes
  The ghost of ragingrage the Executioner, a veteran HOFi of Beogh (Vaults:1)
  A golden dragon (Vaults:5)
  Nikola (Swamp:1)
  2 profane servitors (Crypt:3)
  Jory (Depths:5)
  the Enchantress (Depths:5)
  7 liches
  2 bone dragons
  Jorgrun (Swamp:3)
  2 tentacled monstrosities
  2 deep elf master archers (Elf:3)
  2 quicksilver dragons (Vaults:5)
  7 titans
  4 deep elf blademasters
  10 ancient champions
  2 krakens (Shoals:2)
  7 sphinxes
  An acid blob (Zig:6)
  2 tentacled starspawn (Abyss:1)
  Kirke (Lair:5)
  Donald (Elf:3)
  3 shadow dragons
  3 storm dragons
  10 tengu reavers
  9 fire giants
  2 fenstrider witches
  Ilsuiw (Shoals:3)
  A nagaraja (Zig:2)
  A revenant (Crypt:3)
  4 frost giants
  5 deep elf sorcerers
  An orc warlord (Orc:2)
  13 vault wardens
  A juggernaut zombie (Crypt:2)
  A caustic shrike zombie (Depths:3)
  Louise (Depths:1)
  2 ghost moths (Zig:3)
  6 ghouls
  4 spriggan defenders
  2 deep elf elementalists
  A caustic shrike skeleton (Depths:3)
  3 curse skulls
  20 stone giants
  15 ironheart preservers
  2 draconian annihilators (Depths:5)
  18 very ugly things
  3 vampire knights
  An entropy weaver (Gauntlet)
  A purple draconian (Depths:5)
  5 bunyips
  A red draconian (Depths:5)
  A green draconian (Depths:5)
  9 deep elf demonologists
  A black draconian (Depths:5)
  8 spark wasps
  A minotaur (Gauntlet)
  A white draconian (Depths:5)
  9 deep elf annihilators
  18 ettins
  3 eidola
  8 eleionomae
  10 deep elf death magi
  10 merfolk javelineers
  A shambling mangrove (Swamp:3)
  Josephine (Orc:2)
  8 fire dragons
  A fire dragon (shapeshifter) (Vaults:5)
  5 deep elf high priests
  13 merfolk impalers
  2 green deaths (Swamp:4)
  14 mummy priests (Tomb:1)
  2 death oozes
  8 jiangshi
  21 yaktaur captains
  6 great orbs of eyes
  A quicksilver dragon skeleton (Crypt:3)
  30 vault guards
  4 hell beasts
  2 rakshasas
  4 spriggan air magi
  11 boulder beetles
  Harold (Orc:1)
  4 ice dragons
  An anaconda (shapeshifter) (Depths:2)
  5 ghost crabs
  Erica (D:8)
  14 hydras
  7 death knights
  9 centaur warriors
  9 alligators
  5 merfolk avatars
  17 death yaks
  8 merfolk aquamancers
  28 dancing weapons
  A catoblepas (D:15)
  4 satyrs
  37 two-headed ogres
  A queen ant (Gauntlet)
  3 alligator snapping turtles
  A spriggan berserker (Depths:5)
  8 deep troll earth magi
  11 deep troll shamans
  Urug (Lair:6)
  37 death scarabs (Tomb:1)
  13 ogre magi
  A hell hog (Volcano)
  6 tengu warriors
  10 vampire magi
  An orc high priest (Orc:2)
  3 shock serpents (Zig:7)
  A thrashing horror (Swamp:4)
  3 goliath frogs
  2 soul eaters
  A hell knight (Depths:5)
  A naga sharpshooter (Zig:2)
  12 deep elf knights
  A fire crab (shapeshifter) (Depths:2)
  2 wretched stars
  A storm dragon zombie (Vaults:5)
  Sonja (Lair:5)
  A goliath frog (shapeshifter) (Elf:1)
  10 shadow wraiths
  A spatial maelstrom (Abyss:1)
  A death drake (shapeshifter) (Depths:2)
  5 unseen horrors
  2 glowing orange brains (Depths:3)
  2 spriggan druids
  30 deep trolls
  A deep troll (shapeshifter) (Depths:2)
  9 swamp dragons
  14 sea snakes
  An unseen horror (shapeshifter) (Depths:2)
  16 bog bodies
  3 flayed ghosts
  13 phantasmal warriors
  22 skeletal warriors
  10 wizards
  16 deep elf archers
  A lindwurm (shapeshifter) (Depths:3)
  A shadow demon (Zig:8)
  An orange crystal statue (Elf:3)
  A shadow dragon zombie (Depths:3)
  12 ironbrand convokers
  2 lindwurms (Lair:4)
  A sphinx zombie (Vaults:4)
  17 harpies
  33 ugly things
  2 wolf spider zombies
  3 mana vipers (shapeshifter)
  12 orc knights
  2 wolf spiders (shapeshifter)
  63 deep elf magi
  A human zombie (Vaults:3)
  5 wolf spiders
  A manticore (shapeshifter) (Depths:2)
  A frost giant zombie (Vaults:4)
  4 necromancers
  7 orc sorcerers
  8 cyclopes
  2 will-o-the-wisps
  A shadow dragon skeleton (Depths:3)
  9 fauns
  An iron dragon skeleton (Crypt:3)
  3 worldbinders
  A salamander (Depths:3)
  A moth of wrath (shapeshifter) (Vaults:5)
  25 slime creatures
  13 manticores
  7 oklob plants
  A salamander (shapeshifter) (D:15)
  9 elephants
  10 merfolk sirens
  2 stone giant skeletons
  12 vault sentinels
  A guardian serpent (Lair:6)
  3 molten gargoyles
  A titan simulacrum (Vaults:5)
  A rust devil (Depths:1)
  An eye of devastation (Zig:6)
  2 naga magi (Vaults:1)
  An apocalypse crab (Abyss:1)
  8 black mambas
  A green draconian zombie (Crypt:2)
  17 cane toads
  A smoke demon (Abyss:1)
  4 gargoyles
  6 water nymphs
  5 torpor snails
  An elephant slug zombie (Crypt:1)
  A kobold demonologist (D:14)
  A catoblepas zombie (Crypt:3)
  Maggie (D:6)
  A dire elephant skeleton (Crypt:3)
  A komodo dragon (shapeshifter) (Depths:2)
  A white draconian zombie (Crypt:3)
  An orange demon (Swamp:4)
  2 centaur skeletons (D:14)
  An iron troll zombie (Crypt:2)
  3 rime drakes
  2 ice devils (Depths:3)
  2 yaktaur skeletons
  An ancient zyme (Abyss:2)
  11 komodo dragons
  56 yaktaurs
  12 freezing wraiths
  5 tengu conjurers
  46 merfolk
  2 jumping spiders (shapeshifter)
  11 guardian mummies (Tomb:1)
  6 trolls
  3 human skeletons
  7 wind drakes
  A jumping spider (Gauntlet)
  12 polar bears
  2 red devils
  A queen bee (Lair:1)
  A troll (shapeshifter) (D:14)
  5 large abominations
  14 hornets
  A polar bear (shapeshifter) (Vaults:3)
  11 snapping turtles
  4 wind drakes (shapeshifter) (Depths:2)
  A sphinx simulacrum (Depths:3)
  7 tyrant leeches
  13 blink frogs
  An iron dragon simulacrum (Tomb:1)
  7 raiju
  2 snapping turtles (shapeshifter) (Depths:2)
  A frost giant simulacrum (Vaults:2)
  21 dream sheep
  3 human simulacra
  An ettin skeleton (Crypt:1)
  2 redbacks (Lair:6)
  6 vampires
  3 air elementals
  8 shadows
  A centaur simulacrum (D:15)
  A redback (shapeshifter) (Vaults:5)
  21 wraiths
  A tarantella (Zig:3)
  58 yaks
  7 spriggans
  37 water elementals
  12 fire bats (Volcano)
  14 wyverns
  A ynoxinul (Abyss:1)
  A dire elephant simulacrum (Crypt:3)
  A tarantella (shapeshifter) (Depths:2)
  2 ushabtiu (Tomb:1)
  5 basilisks
  A hog (shapeshifter) (Depths:1)
  3 golden eyes
  A human (D:4)
  2 neqoxecs
  An elf skeleton (Vaults:4)
  2 steam dragons
  11 vampire mosquitoes
  A fire elemental (Elf:1)
  A monstrous demonspawn zombie (Crypt:1)
  A chaos spawn (Gauntlet)
  7 wargs
  17 swamp worms
  2 insubstantial wisps (Zig:7)
  A small abomination (Zig:4)
  7 soldier ants
  A swamp worm (shapeshifter) (Vaults:5)
  An acid dragon (Vaults:1)
  2 spatial vortices (Abyss:1)
  A soldier ant (shapeshifter) (Depths:2)
  A floating eye (Depths:3)
  15 hell hounds (Lair:6)
  29 water moccasins
  A water nymph skeleton (Crypt:3)
  A hornet zombie (D:13)
  7 sky beasts
  2 eyes of draining (shapeshifter) (Depths:2)
  36 orc warriors
  6 swamp drakes
  3 eyes of draining
  2 black bears (shapeshifter)
  15 black bears
  2 necrophages
  4 ice beasts
  A manticore skeleton (Crypt:2)
  22 wolves
  5 boggarts
  A torpor snail zombie (Crypt:2)
  27 ogres
  27 centaurs
  A yaktaur zombie (Crypt:3)
  6 big kobolds
  20 bullfrogs
  A gnoll sergeant (D:8)
  A wyvern zombie (D:13)
  4 earth elementals
  7 scorpions
  2 troll zombies (Crypt:1)
  27 killer bees
  8 wights
  An electric eel (Lair:3)
  6 howler monkeys
  5 bullfrog zombies
  2 crimson imps (Depths:3)
  7 lava snakes (Volcano)
  2 starcursed masses (Abyss:1)
  4 quasits
  A wolf skeleton (Crypt:2)
  A black bear zombie (Crypt:2)
  7 centaur zombies
  A demonspawn zombie (Crypt:3)
  9 hounds
  5 jellies
  12 orc priests
  20 orc wizards
  3 bullfrog skeletons
  5 iguanas
  Natasha (twice) (D:4)
  16 worker ants
  A killer bee zombie (D:9)
  A demigod zombie (Crypt:1)
  A naga skeleton (Crypt:1)
  3 hound zombies
  23 mummies
  16 gnolls
  2 howler monkey skeletons
  17 adders
  A swamp drake skeleton (Crypt:1)
  10 shadow imps
  A steam dragon skeleton (Crypt:2)
  7 white imps
  4 ufetubi
  An ooze (D:4)
  2 adder zombies
  A halfling zombie (Crypt:3)
  2 adder skeletons
  3 worms
  2 dart slugs (D:1)
  6 leopard geckos
  67 orcs
  A ball python (D:3)
  10 bats
  2 giant cockroaches
  10 goblins
  5 hobgoblins
  20 jackals
  31 kobolds
  4 quokkas
  5 frilled lizards
  A giant cockroach zombie (D:5)
  A goblin zombie (Crypt:2)
  A jackal skeleton (D:7)
  A leopard gecko skeleton (D:4)
  A quokka skeleton (D:7)
  6 rats
  3 crawling corpses (Elf:3)
  2 starspawn tentacles (Abyss:1)
  7 tentacles (Shoals:2)
  4 withered plants (Crypt:3)
2402 creatures vanquished.

Vanquished Creatures (collateral kills)
  2 merfolk javelineers
  A merfolk impaler (Shoals:4)
  A merfolk avatar (Shoals:3)
  The ghost of Midn8 the Grappler, a journeyman VSBr of Fedhas (D:9)
  A death scarab (Tomb:1)
  An ironbrand convoker (Vaults:5)
  4 fauns
  A merfolk siren (Shoals:2)
  A merfolk (Shoals:3)
  2 starcursed masses (Abyss:1)
  2 spriggans (D:9)
  A large abomination (Abyss:1)
  A black bear (D:9)
  A wolf (D:9)
20 creatures vanquished.

Vanquished Creatures (others)
  A pandemonium lord (Zig:8)
  A curse skull (Crypt:1)
  A spark wasp (Depths:3)
  A rakshasa (Vaults:3)
  A wretched star (Abyss:1)
  An unseen horror (Vaults:1)
  An ugly thing (Swamp:4)
  A tyrant leech (Swamp:4)
  A bloated husk (Swamp:4)
  3 humans (Lair:5)
  A swamp worm (Swamp:4)
  2 orc warriors
  2 ogres
  An orc priest (Vaults:5)
  An orc wizard (Vaults:5)
  Natasha (D:4)
  An orc (Vaults:5)
  31 fungi
  171 plants
  9 tentacles (Shoals:2)
  8 withered plants (Crypt:3)
240 creatures vanquished.

Grand Total: 2662 creatures vanquished

Notes
Turn   | Place    | Note
-------+----------+-------------------------------------------
     0 | D:1      | mhtbhm the Gargoyle Berserker began the quest for the Orb.
     0 | D:1      | Reached XP level 1. HP: 14/14 MP: 1/1
   201 | D:1      | Reached XP level 2. HP: 15/19 MP: 2/2
   689 | D:1      | Reached XP level 3. HP: 2/24 MP: 3/3
  1395 | D:2      | You fall into a shaft and drop 1 floor!
  1398 | D:3      | Reached ** piety under Trog
  1408 | D:3      | Reached skill level 4 in Fighting
  1408 | D:3      | Reached XP level 4. HP: 29/29 MP: 4/4
  1516 | D:3      | Found an opulent altar of Gozag.
  1559 | D:3      | Noticed an ogre
  1566 | D:3      | Killed an ogre
  1566 | D:3      | Reached XP level 5. HP: 33/33 MP: 5/5
  1569 | D:3      | Found a blossoming altar of Fedhas.
  1965 | D:3      | Reached XP level 6. HP: 39/39 MP: 6/6
  2105 | D:2      | Reached skill level 5 in Maces & Flails
  2164 | D:2      | Found a sacrificial altar of Ru.
  2398 | D:2      | Reached *** piety under Trog
  2501 | D:4      | Noticed Natasha
  2509 | D:4      | Killed Natasha
  2581 | D:4      | Found a runed translucent door.
  2581 | D:4      | Noticed a human
  2582 | D:4      | Found a basalt altar of Yredelemnul.
  2677 | D:4      | Noticed a sky beast
  2694 | D:4      | Killed a sky beast
  2694 | D:4      | Reached XP level 7. HP: 42/44 MP: 7/7
  2762 | D:4      | Noticed Natasha
  2772 | D:4      | Killed Natasha
  2873 | D:4      | Found a staircase to the Ecumenical Temple.
  2946 | D:4      | Killed Natasha
  3352 | D:4      | Killed a human
  3352 | D:4      | Reached skill level 5 in Fighting
  3516 | D:5      | Entered Level 5 of the Dungeon
  3853 | D:5      | Reached XP level 8. HP: 49/49 MP: 8/8
  3883 | D:5      | Reached skill level 1 in Shields
  3964 | D:5      | Reached skill level 5 in Armour
  4038 | D:5      | Reached **** piety under Trog
  4827 | D:6      | Noticed Maggie
  4859 | D:6      | Killed Maggie
  4859 | D:6      | Reached skill level 6 in Fighting
  5018 | D:6      | Found a glowing golden altar of the Shining One.
  5192 | D:6      | Reached XP level 9. HP: 56/56 MP: 9/9
  5569 | D:6      | Found a bloodstained altar of Trog.
  5822 | D:7      | Reached ***** piety under Trog
  6254 | D:7      | Found a shadowy altar of Dithmenos.
  6265 | D:7      | Reached skill level 7 in Fighting
  6445 | D:7      | Gained mutation: You are resistant to hostile enchantments.
                  | (MR+) [potion of mutation]
  6445 | D:7      | Gained mutation: You have sharp toenails. [potion of
                  | mutation]
  6980 | D:8      | Reached XP level 10. HP: 59/63 MP: 10/10
  6984 | D:8      | Got a polished cloak
  6996 | D:8      | Identified the +2 cloak of Anarchy {rN+} (You found it on
                  | level 8 of the Dungeon)
  7129 | D:8      | Reached skill level 10 in Maces & Flails
  7507 | D:8      | Noticed Erica
  7529 | D:8      | Killed Erica
  7872 | D:8      | Noticed a boulder beetle
  7889 | D:8      | Killed a boulder beetle
  7889 | D:8      | Reached skill level 8 in Fighting
  7998 | D:8      | Noticed a cyclops
  8023 | D:8      | Killed a cyclops
  8075 | D:8      | Reached XP level 11. HP: 69/69 MP: 11/11
  8098 | D:8      | Got a fine plate armour
  8104 | D:8      | Identified the +2 plate armour "Luotach" {rElec Regen+}
                  | (You found it on level 8 of the Dungeon)
  8396 | D:9      | Found a hide-covered altar of Uskayaw.
  8396 | D:9      | Noticed a two-headed ogre
  8420 | D:9      | Killed a two-headed ogre
  8420 | D:9      | Reached skill level 9 in Fighting
  8420 | D:9      | Reached skill level 5 in Dodging
  8599 | D:9      | Found a radiant altar of Vehumet.
  8635 | D:9      | Received a gift from Trog
  8765 | D:9      | Found a staircase to the Lair.
  8898 | D:9      | Noticed a two-headed ogre
  8904 | D:9      | Killed a two-headed ogre
  9111 | D:9      | Got a bronze ring mail
  9117 | D:9      | Identified the cursed +1 ring mail of Cowardice {Rampage
                  | MR++} (You found it on level 9 of the Dungeon)
  9166 | D:9      | Found a runed translucent door.
  9167 | D:9      | Noticed Midn8's ghost (journeyman VSBr)
  9172 | D:9      | Identified the cursed +2 spear of Harmony {distort, rN+
                  | MP+9 Str+3}
 10003 | D:9      | Killed Midn8's ghost
 10333 | Lair:1   | Entered Level 1 of the Lair of Beasts
 11240 | Lair:1   | Noticed an oklob plant
 11247 | Lair:1   | Killed an oklob plant
 11247 | Lair:1   | Reached XP level 12. HP: 77/77 MP: 12/12
 11389 | Lair:1   | Reached skill level 10 in Fighting
 11404 | Lair:1   | Received a gift from Trog
 11748 | Lair:1   | Got a masterwork demon whip {god gift}
 11749 | Lair:1   | Identified the +2 demon whip "Uwaliese" {vorpal, rElec
                  | Str+2} (Trog gifted it to you on level 1 of the Lair of
                  | Beasts)
 12582 | Lair:2   | Found a shimmering altar of Xom.
 12734 | Lair:3   | Found a dark tunnel.
 12737 | Volcano  | Entered a volcano
 13231 | Volcano  | Found a radiant altar of Vehumet.
 13231 | Volcano  | Noticed a hell hog
 13270 | Volcano  | Killed a hell hog
 13327 | Volcano  | Noticed a fire dragon
 13338 | Volcano  | Killed a fire dragon
 13671 | Lair:3   | Found a staircase to the Shoals.
 13819 | Lair:3   | Reached skill level 11 in Fighting
 13866 | Lair:3   | Noticed a six-headed hydra
 13904 | Lair:3   | Killed a six-headed hydra
 13925 | Lair:3   | Reached XP level 13. HP: 75/84 MP: 10/13
 15215 | Lair:4   | Found a staircase to the Swamp.
 15662 | Lair:4   | Reached skill level 12 in Fighting
 15680 | Lair:4   | Received a gift from Trog
 16299 | Lair:4   | Reached skill level 15 in Maces & Flails
 16365 | Lair:4   | Got an ancient ring mail
 16371 | Lair:4   | Identified the +4 ring mail of Byseur {rF+ rCorr} (You
                  | found it on level 4 of the Lair of Beasts)
 17126 | Lair:5   | Found a staircase to the Slime Pits.
 17178 | Lair:5   | Noticed Sonja
 17179 | Lair:5   | Found a gate leading to a gauntlet.
 17185 | Gauntlet | Entered a Gauntlet
 17185 | Gauntlet | Found a transporter.
 17185 | Gauntlet | Found a transporter.
 17185 | Gauntlet | Found a runed translucent door.
 17185 | Gauntlet | Found a runed translucent door.
 17313 | Gauntlet | Found a transporter.
 17317 | Gauntlet | Found a transporter.
 17345 | Gauntlet | Found a transporter.
 17349 | Gauntlet | Found a transporter.
 17384 | Gauntlet | Found a transporter.
 17387 | Gauntlet | Found a transporter.
 17393 | Gauntlet | Noticed a cacodemon
 17404 | Gauntlet | Found a transporter.
 17419 | Gauntlet | Found a transporter.
 17426 | Gauntlet | Noticed an entropy weaver
 17434 | Gauntlet | Found a transporter.
 17438 | Gauntlet | Found a transporter.
 17440 | Gauntlet | Found a runed translucent gate.
 17440 | Gauntlet | Found a runed translucent gate.
 17440 | Gauntlet | Found a runed translucent gate.
 17490 | Gauntlet | Gained mutation: Your large and strong wings let you fly
                  | indefinitely. [Gargoyle growth]
 17490 | Gauntlet | Reached XP level 14. HP: 87/92 MP: 5/14
 17500 | Gauntlet | Got a vibrating tin ring
 17502 | Gauntlet | Identified the ring "Ubbamoig" {rF+ Int+5} (You found it in
                  | a Gauntlet)
 17557 | Gauntlet | Reached skill level 13 in Fighting
 17633 | Gauntlet | Killed an entropy weaver
 17709 | Gauntlet | Identified the +5 flail of Neurosis {flame, +Inv Dex+7}
 17720 | Gauntlet | Reached skill level 10 in Armour
 17739 | Gauntlet | Identified Kiapuol's Catalogue of the Dislocated Glacier
 17790 | Lair:5   | Cast into level 1 of the Abyss (Sonja)
 17840 | Abyss:1  | Noticed a starcursed mass
 17863 | Abyss:1  | Paralysed by accursed screaming for 1 turns
 18083 | Abyss:1  | Noticed a tentacled starspawn
 18093 | Abyss:1  | Killed a tentacled starspawn
 18093 | Abyss:1  | Reached skill level 5 in Shields
 18241 | Abyss:1  | Lost mutation: You have sharp toenails. [potion of
                  | mutation]
 18241 | Abyss:1  | Lost mutation: You are resistant to hostile enchantments.
                  | (MR+) [potion of mutation]
 18241 | Abyss:1  | Gained mutation: You have a pair of small horns on your
                  | head. [potion of mutation]
 18241 | Abyss:1  | Lost mutation: You have a pair of small horns on your head.
                  | [potion of mutation]
 18241 | Abyss:1  | Gained mutation: You possess an exceptional clarity of
                  | mind. [potion of mutation]
 18242 | Abyss:1  | Lost mutation: You possess an exceptional clarity of mind.
                  | [potion of mutation]
 18242 | Abyss:1  | Gained mutation: You have large cloven feet. [potion of
                  | mutation]
 18242 | Abyss:1  | Gained mutation: You have very sharp teeth. [potion of
                  | mutation]
 18285 | Abyss:1  | Noticed a tentacled starspawn
 18293 | Abyss:1  | Killed a tentacled starspawn
 18306 | Lair:5   | Escaped the Abyss
 18311 | Lair:5   | Killed Sonja
 18802 | Lair:5   | Reached skill level 1 in Evocations
 18812 | Lair:5   | Reached skill level 14 in Fighting
 18824 | Lair:5   | Noticed Kirke
 18845 | Lair:5   | Killed Kirke
 19203 | Lair:6   | Entered Level 6 of the Lair of Beasts
 19212 | Lair:6   | Noticed Urug
 19222 | Lair:6   | Killed Urug
 19225 | Lair:6   | Received a gift from Trog
 19447 | Lair:6   | Reached XP level 15. HP: 83/101 MP: 15/15
 19854 | Lair:6   | Reached ****** piety under Trog
 19854 | Lair:6   | Received a gift from Trog
 20306 | Lair:6   | Found the +8 orange crystal plate armour {Archmagi, Int+3
                  | Clar}
 20808 | Lair:6   | Reached skill level 10 in Dodging
 20810 | Lair:6   | Reached skill level 15 in Fighting
 21130 | Lair:6   | Reached skill level 10 in Shields
 21831 | Lair:5   | Reached XP level 16. HP: 98/108 MP: 16/16
 22305 | D:8      | Got a masterwork ring mail
 22311 | D:8      | Identified the +2 ring mail "Resaxax" {+Fly rN++ SInv
                  | Stlth-} (You found it on level 8 of the Dungeon)
 22466 | D:10     | Entered Level 10 of the Dungeon
 22781 | D:10     | Found a staircase to the Orcish Mines.
 22804 | Orc:1    | Entered Level 1 of the Orcish Mines
 23212 | Orc:2    | Entered Level 2 of the Orcish Mines
 23212 | Orc:2    | Noticed Josephine
 23229 | Orc:2    | Killed Josephine
 23233 | Orc:2    | Received a gift from Trog
 23333 | Orc:2    | Found a staircase to the Elven Halls.
 23456 | Orc:2    | Found a roughly hewn altar of Beogh.
 23716 | Orc:2    | Received a gift from Trog
 23780 | Orc:2    | Found Zafrani's General Store.
 23788 | Orc:2    | Found Tuczuar's Antique Weapon Shoppe.
 23792 | Orc:2    | Found Mosou's Antique Armour Shoppe.
 23815 | Orc:2    | Found Kousup's Jewellery Shoppe.
 23850 | Orc:2    | Bought a scroll of teleportation for 33 gold pieces
 23850 | Orc:2    | Bought a potion of heal wounds for 55 gold pieces
 23866 | Orc:2    | Bought a glowing morningstar for 140 gold pieces
 23882 | Orc:2    | Bought a faintly humming cloak for 180 gold pieces
 23894 | Orc:2    | Identified the +1 cloak "Xisuadgh" {*Contam Harm Str+4
                  | Dex+2} (You bought it in a shop on level 2 of the Orcish
                  | Mines)
 24430 | Orc:1    | Found a roughly hewn altar of Beogh.
 24675 | Orc:1    | Noticed Harold
 24697 | Orc:1    | Killed Harold
 26349 | D:11     | Found Lierutt's Gadget Shoppe.
 27193 | Shoals:1 | Entered Level 1 of the Shoals
 27386 | Shoals:1 | Received a gift from Trog
 27395 | Shoals:1 | Got a warped great mace {god gift}
 27619 | Shoals:1 | Found a runed translucent door.
 28007 | Shoals:1 | Reached skill level 16 in Fighting
 28202 | Shoals:1 | You are sucked into a shaft and drop 1 floor!
 28499 | Shoals:2 | Reached XP level 17. HP: 115/115 MP: 17/17
 28560 | Shoals:2 | Noticed a kraken
 28564 | Shoals:2 | Noticed a kraken
 28731 | Shoals:2 | Received a gift from Trog
 28740 | Shoals:2 | Got an encrusted broad axe {god gift}
 28853 | Shoals:2 | Killed a kraken
 28862 | Shoals:2 | Killed a kraken
 29089 | Shoals:2 | Found Pecw's Distillery.
 29097 | Shoals:2 | Bought a potion of might for 68 gold pieces
 29607 | Shoals:3 | Identified the +8 broad axe "Huehiego" {antimagic, Str+3}
                  | (Trog gifted it to you on level 2 of the Shoals)
 29878 | Shoals:3 | Noticed Ilsuiw
 29898 | Shoals:3 | Killed Ilsuiw
 30464 | Shoals:4 | Entered Level 4 of the Shoals
 30533 | Shoals:4 | Received a gift from Trog
 30858 | Shoals:4 | Reached skill level 17 in Fighting
 31141 | Shoals:4 | Reached XP level 18. HP: 94/123 MP: 18/18
 31476 | Shoals:4 | Got a barnacled rune of Zot
 31499 | Shoals:4 | Identified the +10 great mace "Neasseg" {vorpal, *Corrode
                  | rC+ Str+2 Int+2} (Trog gifted it to you on level 1 of the
                  | Shoals)
 31691 | Shoals:4 | Received a gift from Trog
 32453 | Swamp:1  | Entered Level 1 of the Swamp
 32830 | Swamp:1  | Noticed Nikola
 32845 | Swamp:1  | Killed Nikola
 32845 | Swamp:1  | Reached skill level 15 in Shields
 33181 | Swamp:2  | Received a gift from Trog
 33647 | Swamp:2  | You are sucked into a shaft and drop 1 floor!
 33683 | Swamp:3  | Reached skill level 18 in Fighting
 33904 | Swamp:3  | Noticed Jorgrun
 33919 | Swamp:3  | Killed Jorgrun
 33988 | Swamp:3  | Reached XP level 19. HP: 126/130 MP: 19/19
 34257 | Swamp:4  | Entered Level 4 of the Swamp
 34842 | Swamp:4  | Received a gift from Trog
 34924 | Swamp:4  | Got a crystal great mace {god gift}
 35087 | Swamp:4  | Got a decaying rune of Zot
 35747 | D:12     | Found Besiefro's Book Shoppe.
 36531 | D:12     | You are sucked into a shaft and drop 3 floors!
 36531 | D:15     | Entered Level 15 of the Dungeon
 36549 | D:15     | Reached skill level 19 in Fighting
 36594 | D:15     | Found a staircase to the Depths.
 36793 | D:15     | Got a fading scale mail
 37083 | D:15     | Identified the +5 great mace of Bloody Death {vorpal, rF+
                  | Dex+3} (Trog gifted it to you on level 4 of the Swamp)
 37095 | D:15     | Identified the +1 scale mail of Supple Strength {+Fly} (You
                  | found it on level 15 of the Dungeon)
 37316 | D:15     | Received a gift from Trog
 37916 | D:14     | Reached XP level 20. HP: 139/139 MP: 20/20
 37925 | D:14     | Found a gate to the Vaults.
 38697 | D:13     | Found Pucvor's Assorted Antiques.
 39576 | Elf:1    | Entered Level 1 of the Elven Halls
 39687 | Elf:1    | Received a gift from Trog
 39692 | Elf:1    | Reached skill level 1 in Axes
 39807 | Elf:1    | Found Noybes Giny's Book Shop.
 40607 | Elf:2    | Found Yhys's Armour Boutique.
 40631 | Elf:2    | Bought the +9 plate armour "Woqesis" {Str+4 Dex+3} for 1704
                  | gold pieces
 40712 | Elf:2    | Found a runed translucent gate.
 40712 | Elf:2    | Found a runed translucent gate.
 40712 | Elf:2    | Found a runed translucent gate.
 40719 | Elf:2    | Reached skill level 5 in Axes
 40726 | Elf:2    | Received a gift from Trog
 40978 | Elf:2    | Got a twisted kite shield
 40989 | Elf:2    | Identified the +4 kite shield of the Black Moon {rC+ Dex+4}
                  | (You found it on level 2 of the Elven Halls)
 41282 | Elf:2    | Cast into level 2 of the Abyss (+2 scimitar of distortion)
 41283 | Abyss:2  | Identified a scroll of acquirement
 41284 | Abyss:2  | Acquired 578 gold pieces
 41325 | Elf:2    | Escaped the Abyss
 41340 | Elf:2    | Reached skill level 20 in Fighting
 41371 | Elf:2    | Received a gift from Trog
 41501 | Elf:2    | You are sucked into a shaft and drop 1 floor!
 41501 | Elf:3    | Entered Level 3 of the Elven Halls
 41575 | Elf:3    | Found Itwedol's Antique Weapon Emporium.
 41832 | Elf:3    | Reached XP level 21. HP: 146/146 MP: 7/21
 41998 | Elf:3    | Noticed Donald
 42010 | Elf:3    | Killed Donald
 42056 | Elf:3    | Identified the cursed +0 hand axe of Disaster {venom, rPois
                  | Str-3 Dex+3}
 42062 | Elf:3    | Gained mutation: You tend to lose your temper in combat. [a
                  | neqoxec]
 42064 | Elf:3    | Reached skill level 10 in Axes
 42086 | Elf:3    | Found the +2 shield of Resistance {rF++ rC++ MR++}
 42108 | Elf:3    | Identified the amulet of Penapt Emilo {Spirit MR+}
 42118 | Elf:3    | Received a gift from Trog
 42149 | Elf:3    | Got a jewelled broad axe {god gift}
 42150 | Elf:3    | Identified the +11 broad axe of Modesty {vorpal, *Slow
                  | Str+5} (Trog gifted it to you on level 3 of the Elven
                  | Halls)
 42168 | Elf:3    | Identified Resat's Papyrus of the Frigorific Escort
 42193 | Elf:3    | Found the cursed +14 obsidian axe {vorpal, +Fly SInv
                  | *Curse}
 42275 | Elf:3    | Identified the ring "Roagasul" {*Drain +Fly rPois rC-
                  | Int+7}
 43428 | D:10     | You are sucked into a shaft and drop 2 floors!
 43526 | Vaults:1 | Entered Level 1 of the Vaults
 43890 | Vaults:1 | Received a gift from Trog
 43890 | Vaults:1 | Reached skill level 15 in Armour
 43952 | Vaults:1 | Got a smoking great mace {god gift}
 44135 | Vaults:1 | You are sucked into a shaft and drop 1 floor!
 44614 | Vaults:2 | Reached XP level 22. HP: 153/153 MP: 22/22
 44659 | Vaults:2 | Reached skill level 21 in Fighting
 44823 | Vaults:2 | Found a staircase to the Crypt.
 45451 | Vaults:1 | Received a gift from Trog
 45596 | Vaults:1 | Found Wailil's Magic Scroll Emporium.
 45609 | Vaults:1 | Bought a scroll of enchant weapon for 105 gold pieces
 45609 | Vaults:1 | Bought a scroll of fog for 28 gold pieces
 45609 | Vaults:1 | Bought a scroll of blinking for 105 gold pieces
 45609 | Vaults:1 | Bought a scroll of teleportation for 42 gold pieces
 45609 | Vaults:1 | Bought a scroll of holy word for 105 gold pieces
 45609 | Vaults:1 | Bought a scroll of identify for 28 gold pieces
 45802 | Vaults:1 | Found a radiant altar of Vehumet.
 45804 | Vaults:1 | Found the +3 hat of Pondering {ponderous, MR+ MP+10 Int+5}
 45836 | Vaults:1 | Got a fine hat
 45842 | Vaults:1 | Identified the -3 hat of Kabeops {+Blink Str+3 Int+5} (You
                  | found it on level 1 of the Vaults)
 45951 | Vaults:1 | Found a runed translucent door.
 45951 | Vaults:1 | Noticed ragingrage's ghost (veteran HOFi)
 46236 | Vaults:1 | Killed ragingrage's ghost
 46437 | Vaults:3 | Found Xiumy's Gadget Boutique.
 46635 | Vaults:3 | Found a bloodstained altar of Trog.
 46941 | Vaults:3 | Received a gift from Trog
 47538 | Vaults:3 | Reached skill level 22 in Fighting
 47691 | Vaults:3 | Acquired the ring "Leses" {AC+4 Str+4}
 47698 | Vaults:3 | Identified the +2 great mace of Autumn {flame, rF+ rN+
                  | Dex+4} (Trog gifted it to you on level 1 of the Vaults)
 47789 | Vaults:4 | Reached XP level 23. HP: 162/162 MP: 23/23
 47950 | Vaults:4 | Noticed Mennas
 48028 | Vaults:4 | Killed Mennas
 48248 | Vaults:4 | Found a portal to a secret trove of treasure.
 48600 | Vaults:4 | Received a gift from Trog
 48721 | Vaults:4 | Noticed a caustic shrike
 48721 | Vaults:4 | a stone giant changed into a caustic shrike
 48726 | Vaults:4 | a caustic shrike changed into a quicksilver dragon
 49315 | Vaults:5 | Entered Level 5 of the Vaults
 49581 | Vaults:5 | Received a gift from Trog
 49831 | Vaults:5 | Reached skill level 23 in Fighting
 49982 | Vaults:5 | Found the amulet of the Air {Inacc +Fly rElec EV+5 RMsl}
 50050 | Vaults:5 | Got a faintly glowing silver amulet
 50065 | Vaults:5 | Identified the amulet of Eblul {Acrobat rN++ Int+2 Slay+3}
                  | (You found it on level 5 of the Vaults)
 50073 | Vaults:5 | Identified Easy Witchery
 50153 | Vaults:5 | Reached XP level 24. HP: 171/171 MP: 23/23
 50154 | Vaults:5 | Noticed an ancient lich
 50161 | Vaults:5 | Killed an ancient lich
 50198 | Vaults:5 | Identified the +0 rapier "Beufoto" {drain, *Drain Str+5
                  | Stlth+}
 50224 | Vaults:5 | Got a flickering platinum ring
 50225 | Vaults:5 | Identified the ring "Biutecs" {MR+ Str+4} (You found it on
                  | level 5 of the Vaults)
 50348 | Vaults:5 | Received a gift from Trog
 50368 | Vaults:5 | Identified the +10 battleaxe of Malaise {vorpal, rF+ Dex+3}
                  | (Trog gifted it to you on level 5 of the Vaults)
 50733 | Vaults:5 | Got a silver rune of Zot
 50773 | Vaults:5 | Got a dazzling crystal plate armour
 50779 | Vaults:5 | Identified the +12 crystal plate armour of the Game Afoot
                  | {rPois Str+4} (You found it on level 5 of the Vaults)
 51392 | Crypt:1  | Entered Level 1 of the Crypt
 51417 | Crypt:1  | Noticed Boris
 51437 | Crypt:1  | Killed Boris
 51923 | Crypt:1  | Noticed Sojobo
 51933 | Crypt:1  | Reached skill level 24 in Fighting
 51939 | Crypt:1  | Killed Sojobo
 52511 | Crypt:2  | Found an ancient bone altar of Kikubaaqudgha.
 53034 | Crypt:3  | Entered Level 3 of the Crypt
 53103 | Crypt:3  | Received a gift from Trog
 53133 | Crypt:3  | Reached XP level 25. HP: 81/179 MP: 23/23
 53489 | Crypt:3  | Got a crude amber ring
 53957 | Crypt:3  | Found an ancient bone altar of Kikubaaqudgha.
 53960 | Crypt:3  | Found a basalt altar of Yredelemnul.
 54131 | Crypt:3  | Found a staircase to the Tomb.
 54256 | Crypt:3  | Identified the ring of Semeum {rPois Stlth+} (You found it
                  | on level 3 of the Crypt)
 54269 | Tomb:1   | Entered Level 1 of the Tomb of the Ancients
 54303 | Tomb:1   | Received a gift from Trog
 55053 | Tomb:1   | Noticed a greater mummy
 55731 | Tomb:1   | Noticed a greater mummy
 55747 | Tomb:1   | Killed a greater mummy
 55748 | Tomb:1   | Noticed a greater mummy
 55748 | Tomb:1   | Noticed a greater mummy
 56168 | Tomb:1   | Killed a greater mummy
 56168 | Tomb:1   | Reached skill level 25 in Fighting
 56429 | Tomb:1   | Noticed an ancient lich
 56437 | Tomb:1   | Killed an ancient lich
 56712 | Tomb:1   | Got a pair of warped boots
 56723 | Tomb:1   | Identified the +1 pair of boots of the Monk {rN+} (You
                  | found it on level 1 of the Tomb of the Ancients)
 57129 | Tomb:2   | Noticed a greater mummy
 57132 | Tomb:2   | Noticed a greater mummy
 57132 | Tomb:2   | Noticed a greater mummy
 57168 | Tomb:1   | Noticed a greater mummy
 57174 | Tomb:1   | Killed a greater mummy
 57181 | Tomb:1   | Killed a greater mummy
 57189 | Tomb:1   | Noticed a greater mummy
 57196 | Tomb:1   | Noticed a greater mummy
 57197 | Tomb:1   | Killed a greater mummy
 57197 | Tomb:1   | Reached XP level 26. HP: 113/188 MP: 23/23
 57203 | Tomb:1   | Killed a greater mummy
 57218 | Tomb:1   | Killed a greater mummy
 57711 | Tomb:1   | Noticed a greater mummy
 57715 | Tomb:1   | Killed a greater mummy
 57715 | Tomb:1   | Received a gift from Trog
 57879 | Tomb:1   | Noticed a greater mummy
 57884 | Tomb:1   | Killed a greater mummy
 58050 | Tomb:1   | Noticed a greater mummy
 58052 | Tomb:1   | Noticed a greater mummy
 58059 | Tomb:1   | Killed a greater mummy
 58062 | Tomb:1   | Killed a greater mummy
 58071 | Tomb:1   | Noticed a greater mummy
 58172 | Tomb:2   | Noticed a greater mummy
 58172 | Tomb:2   | Noticed a greater mummy
 58634 | Tomb:1   | Noticed a greater mummy
 58645 | Tomb:1   | Killed a greater mummy
 58654 | Tomb:1   | Noticed a greater mummy
 58663 | Tomb:1   | Killed a greater mummy
 58669 | Tomb:1   | Noticed a greater mummy
 58677 | Tomb:1   | Killed a greater mummy
 58716 | Tomb:1   | Noticed a greater mummy
 58719 | Tomb:1   | Killed a greater mummy
 58952 | Tomb:1   | Killed a greater mummy
 59492 | Crypt:1  | Upgraded the game from 0.26-a0-812-g31a745ddcd to
                  | 0.26-a0-818-g75db068ed4
 59505 | Crypt:2  | You are sucked into a shaft and drop 1 floor!
 60436 | Depths:1 | Entered Level 1 of the Depths
 60453 | Depths:1 | Noticed Boris
 60467 | Depths:1 | Killed Boris
 60550 | Depths:1 | Found a flickering gateway to a bazaar.
 60560 | Depths:1 | Reached skill level 26 in Fighting
 60565 | Bazaar   | Entered a bazaar
 60715 | Bazaar   | Found Caassume's Jewellery Shoppe.
 60746 | Bazaar   | Found Foeh's Book Boutique.
 60769 | Bazaar   | Found Yrhizi Eloo's Magic Scroll Shoppe.
 60777 | Bazaar   | Bought a scroll of teleportation for 24 gold pieces
 60777 | Bazaar   | Bought a scroll of brand weapon for 160 gold pieces
 60777 | Bazaar   | Bought a scroll of identify for 16 gold pieces
 60777 | Bazaar   | Bought a scroll of teleportation for 24 gold pieces
 60777 | Bazaar   | Bought a scroll of fog for 16 gold pieces
 60896 | Bazaar   | Found Monuassu's Gadget Shoppe.
 60904 | Bazaar   | Bought a wand of acid (5) for 162 gold pieces
 61095 | Depths:1 | Noticed Louise
 61096 | Depths:1 | Found a one-way gate to the infinite horrors of the Abyss.
 61102 | Depths:1 | Killed Louise
 61169 | Depths:1 | Found a gateway to Hell.
 61289 | Depths:1 | Received a gift from Trog
 61786 | Depths:2 | Found Lankucsi's Armour Boutique.
 61870 | Depths:2 | Reached XP level 27. HP: 196/196 MP: 23/23
 61985 | Depths:2 | Found a hazy altar of Hepliaklqana.
 61999 | Depths:2 | Identified Sif Muna's Incunabulum of Ignition
 62224 | Depths:2 | Found a one-way gate leading to the halls of Pandemonium.
 62793 | Depths:2 | Received a gift from Trog
 62965 | Depths:2 | Identified the +5 great mace of Uluq {vorpal, +Fly rElec
                  | Str+6} (You found it on level 2 of the Depths)
 63250 | Depths:2 | Got a bound golden amulet
 63637 | Depths:3 | Paralysed by a floating eye for 4 turns
 63669 | Depths:3 | Identified the +4 morningstar "Qeeschio" {holy, Str+5
                  | Dex+4}
 64040 | Depths:3 | Reached skill level 27 in Fighting
 64248 | Depths:3 | Received a gift from Trog
 64849 | Depths:3 | Identified the amulet "Elimi" {Inacc rF+ Stlth+} (You found
                  | it on level 2 of the Depths)
 64859 | Depths:3 | Acquired 1116 gold pieces
 64863 | Depths:3 | Acquired the ring "Abub Xauji" {rElec rF+ AC+4 SInv Stlth-}
 65015 | Depths:5 | Entered Level 5 of the Depths
 65119 | Depths:5 | Noticed Jory
 65126 | Depths:5 | Killed Jory
 65326 | Depths:5 | Found a gateway to a ziggurat.
 65686 | Depths:5 | Found a gate to the Realm of Zot.
 65723 | Depths:5 | Noticed the Enchantress
 65748 | Depths:5 | Killed the Enchantress
 65774 | Depths:5 | Received a gift from Trog
 66203 | Zig:1    | Entered Level 1 of a ziggurat
 66226 | Zig:2    | Entered Level 2 of a ziggurat
 66249 | Zig:3    | Entered Level 3 of a ziggurat
 66275 | Zig:4    | Entered Level 4 of a ziggurat
 66356 | Zig:4    | Got a smoking brass amulet
 66357 | Zig:4    | Identified the amulet "Robbeqiq" {Regen+ Dex+3 SInv Stlth-}
                  | (You found it on level 4 of a ziggurat)
 66367 | Zig:5    | Entered Level 5 of a ziggurat
 66443 | Zig:5    | Got a serpentine tin ring
 66452 | Zig:5    | Identified the ring "Wugon" {rElec rF+ Str+3} (You found it
                  | on level 5 of a ziggurat)
 66457 | Zig:6    | Entered Level 6 of a ziggurat
 66495 | Zig:6    | Got a coiled turquoise ring
 66507 | Zig:6    | Identified the ring "Recoveara" {rPois EV+4 Str+4 Slay-3}
                  | (You found it on level 6 of a ziggurat)
 66538 | Zig:7    | Entered Level 7 of a ziggurat
 66624 | Zig:8    | Entered Level 8 of a ziggurat
 66630 | Zig:8    | Noticed Higuit the pandemonium lord
 66632 | Zig:8    | Found the +7 great mace "Firestarter" {inner flame, rF++}
 66637 | Zig:8    | Killed Higuit the pandemonium lord
 66640 | Zig:8    | Killed from afar by a hellion

Illustrated notes

Levels and vault maps discovered:
D:1:      lemuel_arrival_tunnels, layout_loops_corners, minmay_misc_feat_alley
D:2:      cheibrodos_old_hovel, layout_rooms,
          nicolae_ru_great_annihilating_truth
D:3:      layout_rooms, nicolae_overflow_hidden_temple, lemuel_crystal_altar
D:4:      layout_cave_pods, minmay_temple_entry_drinking_statues,
          dk_yredelemnul_ordeal, uniq_natasha
D:5:      cheibrodos_barr_body, layout_basic, minmay_increasing_density
D:6:      layout_rooms, kennysheep_little_box, nicolae_overflow_crystal_walls,
          uniq_maggie
D:7:      layout_loops_ring, grunt_dithmenos_smoke, minmay_manual_monolith
D:8:      minmay_the_grid_triangle_9x9_rhombus_thin
          [minmay_the_grid_triangle_9x9_corrupted_corridor,
          minmay_the_grid_triangle_9x9_prize_schism,
          minmay_the_grid_triangle_9x9_swiss_cheese,
          minmay_the_grid_triangle_9x9_descending_squares], layout_basic,
          kennysheep_cluttered_room, uniq_erica
D:9:      minmay_inner_zag, layout_loops_ring, fiery_altar_vehumet,
          eat_drink_and_be_merry_uskayaw, david_lair_shrubbed,
          ebering_ghost_funeral_grove, minmay_tree_intersection
D:10:     minmay_slanted_spiral_squares, layout_stronghold, grunt_tough_drop
D:11:     minmay_razor_zed, layout_loops_corners, serial_shops,
          nicolae_shop_waterfront
D:12:     layout_cave_pods, serial_shops,
          nicolae_shop_temple_entry_statues_fountains
D:13:     layout_basic, serial_shops, shop, moated_statue
D:14:     layout_roguey, david_vaults_4, kennysheep_generic_room_4
D:15:     grunt_enter_depths_giant_problem, layout_rooms,
          chequers_hall_statues_y
Lair:1:   layout_misc_corridors, special_room [special_room_bee],
          serial_bayou_crossing, minmay_lair_oklob_chamber
Lair:2:   layout_roguey, basic_altar
Lair:3:   layout_cave_pods, elwin_shoals_entry_rocks, enter_volcano_4,
          nicolae_quartered_pool_little, grunt_megastairs_2
Lair:4:   cheibrodos_lair_overgrown_chateau, layout_concentric_octagons,
          skrybe_swamp_entry_bodies, worms_lemuel
Lair:5:   layout_layer_cave, minmay_slime_entry_oklob_open,
          gauntlet_entry_generic, grunt_megastairs_4, uniq_sonja, uniq_kirke
Lair:6:   hangedman_lair_caniforms_friends, layout_gridlike,
          hangedman_lair_tendril_chambers, uniq_urug
Swamp:1:  layout_basic_swamp, evilmike_swamp_ruin_rubble_1, swamp_pool5,
          uniq_nikola
Swamp:2:  layout_basic_swamp, evilmike_swamp_ruin_house_2, swamp_pool5
Swamp:3:  layout_basic_swamp, evilmike_swamp_ruin_house_6, swamp_pool1,
          ldierk_geyser, infiniplex_staircase_pool, uniq_jorgrun
Swamp:4:  swamp_vile, layout_basic_swamp, swamp_pool3
Shoals:1: layout_shoals, lightli_airlock
Shoals:2: layout_shoals, serial_shops, shop,
          nicolae_shoals_siren_and_animal_friends
Shoals:3: layout_shoals, nicolae_shoals_flooded_hall, uniq_ilsuiw
Shoals:4: shoals_end_simple, layout_shoals
Orc:1:    nicolae_orc_accident_1, layout_caves, basic_altar, mines2_lemuel,
          uniq_harold
Orc:2:    grunt_orc_cross, layout_diamond_mine, uniq_josephine
Elf:1:    layout_gridlike, serial_shops, shop, minmay_elf_sorcery,
          roderic_roman_lattice
Elf:2:    layout_rooms, serial_shops, nicolae_shop_statue_plus
Elf:3:    grunt_elf_hall_spiral, layout_gridlike, serial_shops, shop,
          minivault_16, kennysheep_underground_church, uniq_donald
Vaults:1: gammafunk_vaults_ghost_grave, nicolae_vaults_network_star,
          nicolae_vaults_circle_grid_b, vaults_dpeg_doors, v_misc_30,
          grunt_tower_of_power, ontoclasm_vaults_bender,
          nicolae_vaults_little_squares_2, nicolae_vaults_ninety_degrees,
          v_misc_16, ontoclasm_vaults_pinch, hangedman_vaults_trim, v_misc_11,
          hangedman_vaults_nails, ontoclasm_vaults_decontamination,
          layout_vaults_omnibox, serial_shops, nicolae_shop_window_shopping
Vaults:2: hangedman_vaults_stream, minmay_crypt_entry_simple_sparse, v_misc_14,
          vaults_room_door_hall, st_eye, vaults_room_grid,
          ontoclasm_vaults_twist, v_misc_1, hangedman_vaults_slice,
          nicolae_vaults_little_squares_4, ontoclasm_vaults_hangar,
          serial_ice_g, nicolae_vaults_angled_halls, layout_vaults_maze
Vaults:3: vaults_room_octagon, nicolae_vaults_disjoint_gnomons,
          nicolae_vaults_puzzle_piece, ontoclasm_vaults_eye,
          hangedman_vaults_unwind, hangedman_vaults_locks,
          ontoclasm_vaults_spin, ontoclasm_vaults_hangar,
          vaults_room_semicircle, nicolae_vaults_circle_grid_a,
          vaults_room_large_hall, vaults_room_pool, layout_vaults_ring,
          basic_altar, serial_shops, shop
Vaults:4: nicolae_vaults_specimen_jars, nicolae_vaults_little_ls,
          ontoclasm_vaults_chip, hangedman_vaults_stagger,
          vaults_room_fancy_cross, ontoclasm_vaults_ring_square, v_misc_18,
          vaults_room_door_hall, layout_vaults_omnigrid,
          nicolae_trove_entry_crossroad, uniq_margery, uniq_mennas
Vaults:5: serial_shops
Crypt:1:  layout_regular_city, grunt_crypt_arrival_split,
          roderic_lattice_octagonal_star, uniq_boris, uniq_sojobo
Crypt:2:  layout_gridlike, lemuel_statue_altar
Crypt:3:  lightli_unholy_cathedral, layout_chaotic_city,
          tomb_entry_forgotten_bobbens, grunt_ministairs_11
Tomb:1
Tomb:2
Depths:1: layout_gridville, serial_shops, bzr_entry_water, nrook_mini_vaults,
          grunt_mini_vestibule, nicolae_abyss_entry_one_way_or_another,
          chequers_serial_rivers_small_a, chequers_serial_rivers_micro_c,
          lemuel_flamethrower_3
Depths:2: vault_1, layout_honeycomb, serial_bayou, serial_bayou_pond_b,
          serial_bayou_pond_b, serial_bayou_lake_a, serial_bayou_shore_a,
          hangedman_abyss_or_decor_jellyfish_corner, pan_entry,
          hangedman_coc_ice_floe, serial_shops, nicolae_shop_statue_plus,
          argonaut_fire_from_heaven
Depths:3: hangedman_cross_cluster, layout_basic, grunt_pan_entry_sceptre,
          serial_corexii_hall, corexii_hall_statues_l, corexii_hall_statues_i,
          pf_hell_entry_tar_spiral, abandoned_shop, st_stairs_3
Depths:4: minmay_polygon_palace, layout_gridville, serial_shops,
          kennysheep_mini_moat, abyss_entry_flame_altar, nicolae_two_hexagons,
          hell_entry, infiniplex_staircase_pillars_3a, minmay_shop_grove
Depths:5: grunt_zot_entry_tricorne, layout_basic, enter_ziggurat_e,
          nrook_campfire, abyss_entry, hell_entry, uniq_enchantress, uniq_jory
Zig:8:    ziggurat_pillar_centre_c, ziggurat_pillar_centre_c,
          ziggurat_pillar_centre_c, ziggurat_pillar_centre_c

Skill      XL: |  1  2  3  4  5  6  7  8  9 10 11 12 13 14 15 16 17 18 19 20 21 22 23 24 25 26 27 |
---------------+----------------------------------------------------------------------------------+-----
Fighting       | 4 5 6 7 8 9 11 12 14 15 16 17 18 19 20 22 23 24 25 26 27 | 27.0
Maces & Flails | 4 5 6 8 9 11 13 14 15 16 17 18 19 20 21 22 23 24 26 | 26.1
Armour         | 3 4 5 6 7 8 9 10 11 12 13 14 15 16 17 18 20 21 | 21.3
Dodging        | 2 4 5 7 8 9 10 | 10.0
Shields        | 2 3 4 7 10 12 14 15 | 15.0
Evocations     | 1 2 3 |  3.5
Axes           | 9 11 12 | 12.2

Action                   |  1- 3 |  4- 6 |  7- 9 | 10-12 | 13-15 | 16-18 | 19-21 | 22-24 | 25-27 || total
-------------------------+-------+-------+-------+-------+-------+-------+-------+-------+-------++-------
Melee: Mace              |    47 |       |       |       |       |       |       |       |       ||    47
       Whip              |    26 |   164 |   603 |   268 |       |       |       |       |       ||  1061
       Great mace        |       |       |       |   279 |       |       |       |       |       ||   279
       Demon whip        |       |       |       |   226 |  1360 |  1644 |   635 |       |       ||  3865
       Bite              |       |       |       |       |   137 |   301 |   207 |   240 |   191 ||  1076
       Broad axe         |       |       |       |       |       |       |   407 |    13 |       ||   420
       Eveningstar       |       |       |       |       |       |       |   197 |  1089 |   635 ||  1921
       Morningstar       |       |       |       |       |       |       |       |   158 |   430 ||   588
       Kick              |       |       |       |       |       |       |       |       |    38 ||    38
Invok: Berserk           |     2 |     3 |     3 |    11 |    20 |    16 |    13 |     9 |    21 ||    98
       Brothers in Arms  |       |       |       |     1 |     2 |     3 |       |     1 |     3 ||    10
 Abil: Fly               |       |       |       |       |     1 |       |       |       |       ||     1
Evoke: Wand              |       |       |       |     2 |     1 |     9 |     1 |       |     2 ||    15
       Lightning rod     |       |       |       |       |     4 |     2 |     2 |       |       ||     8
       Condenser vane    |       |       |       |       |     2 |     1 |     1 |     1 |     3 ||     8
       Tin of tremorston |       |       |       |       |       |     1 |     4 |       |       ||     5
  Use: Scroll            |       |     4 |     3 |    10 |    10 |    19 |     6 |    13 |    38 ||   103
       Potion            |       |       |     1 |     1 |    11 |       |     1 |       |    11 ||    25
 Stab: Paralysed         |       |     1 |       |       |     5 |       |       |       |       ||     6
       Invisible         |       |     1 |       |       |     5 |       |       |       |       ||     6
       Confused          |       |       |       |       |     1 |     1 |       |       |       ||     2
       Distracted        |       |       |       |       |       |       |     1 |     1 |       ||     2
Armor: Chain mail        |    43 |   122 |   115 |       |       |       |       |       |       ||   280
       Animal skin       |     1 |       |       |       |       |       |       |       |       ||     1
       Swamp dragon scal |       |       |   126 |   107 |       |       |       |       |       ||   233
       Ring mail         |       |       |       |   208 |   298 |       |       |       |       ||   506
       Crystal plate arm |       |       |       |       |   114 |   672 |   496 |   622 |   741 ||  2645
       Skin              |       |       |       |       |       |       |     1 |       |       ||     1
Dodge: Dodged            |    38 |    89 |   190 |   409 |   625 |   501 |   251 |   330 |   700 ||  3133
Block: Buckler           |       |     7 |    75 |    27 |       |       |       |       |       ||   109
       Kite shield       |       |       |       |       |   491 |   920 |   855 |  1139 |  1217 ||  4622
       Reflection        |       |       |       |       |       |       |    45 |    71 |       ||   116

Table legend: (Time is in decaauts)
 A = Elapsed time spent in this place.
 B = Non-inter-level travel time spent in this place.
 C = Inter-level travel time spent in this place.
 D = Time resting spent in this place.
 E = Time spent auto-exploring this place.
 F = Levels seen in this place.
 G = Mean time per level.
                   A        B        C        D        E       F      G
               +--------+--------+--------+--------+--------+-----+--------+
         Total |  64718 |  63072 |   1646 |  10954 |  30702 |  63 | 1027.3 |
       Dungeon |  16859 |  16005 |    854 |   1145 |  10339 |  15 | 1123.9 |
          Lair |   9878 |   9797 |     81 |   2119 |   4788 |   6 | 1646.3 |
         Swamp |   2641 |   2641 |      0 |    386 |   1381 |   4 |  660.2 |
        Shoals |   4800 |   4747 |     53 |    925 |   2048 |   4 | 1200.0 |
  Orcish Mines |   2353 |   2353 |      0 |    480 |    904 |   2 | 1176.5 |
   Elven Halls |   3727 |   3550 |    177 |    450 |   1689 |   3 | 1242.3 |
        Vaults |   8094 |   7819 |    275 |    822 |   4222 |   5 | 1618.8 |
         Crypt |   3183 |   3095 |     88 |    417 |   1757 |   3 | 1061.0 |
          Tomb |   5097 |   5097 |      0 |   2842 |    196 |   2 | 2548.5 |
        Depths |   5259 |   5141 |    118 |    537 |   2868 |   5 | 1051.8 |
         Abyss |    539 |    539 |      0 |    250 |      0 |   3 |  179.7 |
      Ziggurat |    443 |    443 |      0 |    114 |      0 |   8 |   55.4 |
        Bazaar |    408 |    408 |      0 |      0 |    343 |   1 |  408.0 |
       Volcano |    827 |    827 |      0 |    297 |    127 |   1 |  827.0 |
      Gauntlet |    605 |    605 |      0 |    168 |     39 |   1 |  605.0 |
               +--------+--------+--------+--------+--------+-----+--------+

Top non-repeatable levels by time:
  Tomb:1: 5064 daAuts
  Lair:4: 2532 daAuts
     D:9: 2312 daAuts
Vaults:4: 2147 daAuts
Vaults:1: 2017 daAuts
  Lair:6: 1972 daAuts
Depths:2: 1760 daAuts
  Lair:1: 1742 daAuts
   Elf:3: 1676 daAuts
Shoals:4: 1621 daAuts
     D:8: 1590 daAuts
Vaults:5: 1565 daAuts
  Lair:5: 1448 daAuts
 Crypt:3: 1442 daAuts
  Lair:3: 1367 daAuts
